 Dungeon Crawl Stone Soup version bcrawl-1.12.2 (webtiles) character file.

Game seed: 14566573153982023425

1816 Ebbett the Shield-Bearer (level 9, -3/73 HPs)
             Began as a Gnoll Fighter on July 22, 2019.
             Slain by an orc warrior
             ... wielding a +0 scimitar
              (13 damage)
             ... on level 6 of the Dungeon.
             The game lasted 00:18:43 (5027 turns).

Ebbett the Shield-Bearer (Gnoll Fighter)            Turns: 5027, Time: 00:18:44

Health: -3/73      AC:  9    Str: 19 (22) XL:     9   Next: 10%
Magic:  14/14      EV: 11    Int:  7 (10) God:
Gold:   333        SH: 15    Dex: 14 (15) Spells: 15/15 levels left

rFire    + . .     SeeInvis .   a - +3 falchion (freeze)
rCold    + . .     Gourm    .   c - +0 shield
rNeg     . . .     Faith    .   w - +0 ring mail
rPois    +         Spirit   .   (no helmet)
rElec    +         Reflect  +   j - +0 cloak
rCorr    +         Harm     .   (no gloves)
MR       +....                  u - +0 pair of boots
Stlth    ++........             i - +3 amulet of reflection
HPRegen  0.22/turn              m - ring of protection from magic
MPRegen  0.14/turn              (no ring)

@: resistant, drained
A: distributed training, fangs 1, strong nose
a: no special abilities


You were on level 6 of the Dungeon.
You were not hungry.

You visited 1 branch of the dungeon, and saw 6 of its levels.

You collected 333 gold pieces.

Inventory:

Hand Weapons
 a - a +3 falchion of freezing (weapon)
 h - a +0 falchion of draining
 s - a +0 glaive
 t - a +2 falchion of slicing
 B - a +4 quarterstaff of chaos
Missiles
 e - 1021 stones (quivered)
Armour
 c - a +0 shield (worn)
 j - a +0 cloak (worn)
 u - a +0 pair of boots (worn)
 w - a +0 ring mail (worn)
Jewellery
 i - a +3 amulet of reflection (around neck)
 m - a ring of protection from magic (left hand)
Wands
 r - a wand of iceblast (6)
 y - a wand of paralysis (11)
Scrolls
 k - 6 scrolls of identify
 l - 2 scrolls of teleportation {unknown}
 p - 4 scrolls of magic mapping {unknown}
 v - a scroll of fog {unknown}
 z - a scroll of remove curse {unknown}
 A - a scroll of amnesia
 D - a scroll of noise {unknown}
Potions
 d - 3 potions of might
 g - a potion of cancellation {unknown}
 o - 2 potions of mutation {unknown}
 q - a potion of invisibility
 x - 2 potions of curing {unknown}
Comestibles
 f - 7 rations {!d}
 C - 3 chunks of flesh


   Skills:
 + Level 7.6(6.8) Fighting
 + Level 3.8(3.1) Short Blades
 + Level 6.0(5.2) Long Blades
 + Level 3.8(3.1) Axes
 + Level 3.8(3.1) Maces & Flails
 + Level 3.8(3.1) Polearms
 + Level 3.8(3.1) Staves
 + Level 3.8(3.1) Slings
 + Level 3.8(3.1) Bows
 + Level 3.8(3.1) Crossbows
 + Level 3.8(3.1) Throwing
 + Level 7.6(6.8) Armour
 + Level 3.8(3.1) Dodging
 + Level 3.8(3.1) Stealth
 + Level 7.6(6.8) Shields
 + Level 3.8(3.1) Unarmed Combat
 + Level 3.8(3.1) Spellcasting
 + Level 3.1(2.4) Conjurations
 + Level 3.1(2.4) Hexes
 + Level 3.1(2.4) Charms
 + Level 3.1(2.4) Summonings
 + Level 3.1(2.4) Necromancy
 + Level 3.1(2.4) Translocations
 + Level 3.1(2.4) Transmutations
 + Level 3.1(2.4) Fire Magic
 + Level 3.1(2.4) Ice Magic
 + Level 3.1(2.4) Air Magic
 + Level 3.1(2.4) Earth Magic
 + Level 3.1(2.4) Poison Magic
 + Level 4.2(3.5) Invocations
 + Level 3.8(3.1) Evocations


You had 15 spell levels left.
You didn't know any spells.
Your spell library contained the following spells:

 Spells                   Type           Power        Failure   Level  Hunger
 Summon Small Mammal      Summ           #...         52%         1    ##.....
 Call Imp                 Summ           #.......     65%         2    ###....
 Call Canine Familiar     Summ           #.......     87%         3    ####...
 Summon Ice Beast         Ice/Summ       #.......     99%         4    #####..
 Summon Lightning Spire   Summ/Air       #.......     100%        5    ######.


Dungeon Overview and Level Annotations

Branches:
Dungeon (6/12)             Temple (0/1) D:5

Altars:
Dithmenos
Elyvilon
Fedhas
Makhleb
Nemelex Xobeh
Okawaru
Yredelemnul
The Shining One

Annotations:
D:4 2 transporters, brkfrs's ghost, amateur FrWz
D:5 1 runed translucent door


Innate Abilities, Weirdness & Mutations

Your experience applies equally to all skills.
You have very sharp teeth.
Your uncanny sense of smell can sniff out nearby items.


Message History

You block the wight's attack.
The wight hits you with a cursed +3 war axe of freezing.
* * * LOW HITPOINT WARNING * * *
It was a potion of degeneration.
There was something very wrong with that liquid.
You feel weakened.
You feel dopey.
You feel clumsy. You block the orc's attack.
You block the orc warrior's attack. The wight hits you but does no damage.
The orc wizard hits you but does no damage.
As you read the scroll labeled ZUFAZA EKIC, it crumbles to dust.
It is a scroll of identify.
A - a scroll of amnesia The orc wizard hits you but does no damage.
The wight hits you with a cursed +3 war axe of freezing.
* * * LOW HITPOINT WARNING * * *
You feel drained.
* * * LOW HITPOINT WARNING * * *
You block the orc's attack.
The orc warrior hits you with a +0 scimitar!
You die...

......#####..
.....######.
#.#..##.รท###
###.#..######.
#......#####(.
#.......$.....
#.............
#.<.ozo.......
#..oo@zo......
#########.....
.... ... .. .


You could see an orc warrior, 2 wights, an orc wizard and 3 orcs.

Vanquished Creatures
  The ghost of yrara the Skirmisher, a novice DsFi of Gozag (D:5)
  2 phantoms
  An ogre (D:5)
  A centaur (D:5)
  4 scorpions
  A howler monkey (D:5)
  7 wights
  A crimson imp (D:5)
  2 hounds
  Crazy Yiuf (D:5)
  5 orc priests
  An orc wizard (D:5)
  A bullfrog skeleton (D:4)
  2 iguanas
  A worker ant (D:4)
  6 gnolls (D:5)
  9 adders
  An ooze (D:1)
  A worm (D:3)
  6 dart slugs
  4 leopard geckos
  11 orcs
  2 ball pythons
  5 giant cockroaches
  9 goblins
  8 hobgoblins
  2 jackals (D:3)
  10 kobolds
  2 quokkas
  6 bats
  A jackal zombie (D:3)
  3 rats
117 creatures vanquished.

Notes
Turn   | Place    | Note
-------+----------+-------------------------------------------
     0 | D:1      | Ebbett the Gnoll Fighter began the quest for the Orb.
     0 | D:1      | Reached XP level 1. HP: 23/23 MP: 1/1
    82 | D:1      | Reached XP level 2. HP: 29/29 MP: 2/2
   636 | D:1      | Reached XP level 3. HP: 35/35 MP: 3/3
   807 | D:1      | Found a glowing golden altar of the Shining One.
  1471 | D:2      | Reached skill level 1 in Invocations
  1787 | D:3      | Reached skill level 1 in Short Blades
  1787 | D:3      | Reached skill level 1 in Axes
  1787 | D:3      | Reached skill level 1 in Maces & Flails
  1787 | D:3      | Reached skill level 1 in Polearms
  1787 | D:3      | Reached skill level 1 in Staves
  1787 | D:3      | Reached skill level 1 in Slings
  1787 | D:3      | Reached skill level 1 in Bows
  1787 | D:3      | Reached skill level 1 in Crossbows
  1787 | D:3      | Reached skill level 1 in Throwing
  1787 | D:3      | Reached skill level 1 in Dodging
  1787 | D:3      | Reached skill level 1 in Stealth
  1787 | D:3      | Reached skill level 1 in Unarmed Combat
  1787 | D:3      | Reached skill level 1 in Spellcasting
  1787 | D:3      | Reached skill level 1 in Evocations
  1787 | D:3      | Reached XP level 4. HP: 41/41 MP: 5/5
  1793 | D:3      | Found a basalt altar of Yredelemnul.
  2046 | D:3      | Reached skill level 1 in Conjurations
  2046 | D:3      | Reached skill level 1 in Hexes
  2046 | D:3      | Reached skill level 1 in Charms
  2046 | D:3      | Reached skill level 1 in Summonings
  2046 | D:3      | Reached skill level 1 in Necromancy
  2046 | D:3      | Reached skill level 1 in Translocations
  2046 | D:3      | Reached skill level 1 in Transmutations
  2046 | D:3      | Reached skill level 1 in Fire Magic
  2046 | D:3      | Reached skill level 1 in Ice Magic
  2046 | D:3      | Reached skill level 1 in Air Magic
  2046 | D:3      | Reached skill level 1 in Earth Magic
  2046 | D:3      | Reached skill level 1 in Poison Magic
  2243 | D:3      | Found an iron altar of Okawaru.
  2245 | D:3      | Found a burning altar of Makhleb.
  2246 | D:3      | Found a white marble altar of Elyvilon.
  2496 | D:3      | Reached XP level 5. HP: 47/47 MP: 6/6
  2925 | D:4      | Reached XP level 6. HP: 24/53 MP: 8/8
  2957 | D:4      | Reached skill level 5 in Long Blades
  3116 | D:4      | Noticed a phantom
  3122 | D:4      | Reached XP level 7. HP: 32/59 MP: 10/10
  3247 | D:4      | Found a shadowy altar of Dithmenos.
  3308 | D:4      | Found a blossoming altar of Fedhas.
  3328 | D:4      | Found a transporter.
  3347 | D:4      | Noticed brkfrs's ghost (amateur FrWz)
  3384 | D:4      | Found a transporter.
  3588 | D:4      | Found a sparkling altar of Nemelex Xobeh.
  3955 | D:5      | Entered Level 5 of the Dungeon
  4004 | D:5      | Reached XP level 8. HP: 60/67 MP: 12/12
  4062 | D:5      | Found a runed translucent door.
  4062 | D:5      | Noticed yrara's ghost (novice DsFi)
  4081 | D:5      | Found a runed translucent door.
  4110 | D:5      | Killed yrara's ghost
  4149 | D:5      | Found a staircase to the Ecumenical Temple.
  4374 | D:5      | Reached XP level 9. HP: 18/72 MP: 14/14
  4878 | D:5      | Found a runed door.
  4964 | D:5      | Noticed Crazy Yiuf
  4969 | D:5      | Killed Crazy Yiuf
  5027 | D:6      | Slain by an orc warrior

Skill      XL: |  1  2  3  4  5  6  7  8  9 |
---------------+----------------------------+-----
Invocations    | 1 2 3 4 |  4.2
Short Blades   | 1 2 3 |  3.8
Axes           | 1 2 3 |  3.8
Maces & Flails | 1 2 3 |  3.8
Polearms       | 1 2 3 |  3.8
Staves         | 1 2 3 |  3.8
Slings         | 1 2 3 |  3.8
Bows           | 1 2 3 |  3.8
Crossbows      | 1 2 3 |  3.8
Throwing       | 1 2 3 |  3.8
Dodging        | 1 2 3 |  3.8
Stealth        | 1 2 3 |  3.8
Unarmed Combat | 1 2 3 |  3.8
Spellcasting   | 1 2 3 |  3.8
Evocations     | 1 2 3 |  3.8
Conjurations   | 1 2 3 |  3.1
Hexes          | 1 2 3 |  3.1
Charms         | 1 2 3 |  3.1
Summonings     | 1 2 3 |  3.1
Necromancy     | 1 2 3 |  3.1
Translocations | 1 2 3 |  3.1
Transmutations | 1 2 3 |  3.1
Fire Magic     | 1 2 3 |  3.1
Ice Magic      | 1 2 3 |  3.1
Air Magic      | 1 2 3 |  3.1
Earth Magic    | 1 2 3 |  3.1
Poison Magic   | 1 2 3 |  3.1
Long Blades    | 5 6 |  6.0
Fighting       | 7 |  7.6
Armour         | 7 |  7.6
Shields        | 7 |  7.6

Action                   |  1- 3 |  4- 6 |  7- 9 || total
-------------------------+-------+-------+-------++-------
Melee: Long sword        |    70 |     4 |       ||    74
       Bite              |     6 |    20 |    30 ||    56
       Falchion          |       |   157 |   206 ||   363
Throw: Stone             |     5 |     6 |       ||    11
  Use: Potion            |       |       |     2 ||     2
       Scroll            |       |       |     1 ||     1
 Stab: Sleeping          |       |       |     1 ||     1
  Eat: Chunk             |     3 |     4 |     4 ||    11
       Ration            |       |       |     1 ||     1
Armor: Scale mail        |    29 |    26 |       ||    55
       Ring mail         |       |    16 |    43 ||    59
Dodge: Dodged            |    10 |    31 |    64 ||   105
Block: Shield            |    47 |   121 |   171 ||   339
       Reflection        |       |     7 |     3 ||    10
